Map: Dusk Towers

Players

CMStormPolt (Polt)

  • Race: Terran Terran
  • League: Grandmaster

Neeb - Winner!

  • Race: Protoss Protoss
  • League: Grandmaster

VOD

Have the link to the VOD?

Description

Time

  • Played on: Feb. 13, 2016, 8:39 p.m.
  • Length: 18:13
Show
View Real Time Build Order
Export as new Build Order

CMStormPolt Terran 

Build Orders: Reaper Expand, MMM Bio 

Get SALT Encoding   

  12  0:00  SCV  
  13  0:13  SCV  
  14  0:16  Supply Depot  
  14  0:25  SCV  
  15  0:38  SCV  
  15  0:39  Barracks  
  16  0:45  Refinery  
  16  0:50  SCV  
  17  1:02  SCV  
  18  1:14  SCV  
  19  1:26  Orbital Command  
  19  1:28  Reaper  
  20  1:39  Command Center  
  20  1:45  Supply Depot  
  20  1:52  SCV  
  21  2:00  Barracks Reactor  
  21  2:04  SCV  
  21  2:07  Barracks  
  22  2:16  SCV  
  22  2:22  Factory  
  23  2:28  SCV  
  24  2:30  Refinery  
  24  2:37  Marine x2  
  24  2:40  SCV  
  27  2:52  Orbital Command, SCV  
  27  2:55  Barracks Tech Lab  
  27  2:56  Marine x2  
  30  3:04  SCV  
  31  3:07  Starport  
  31  3:09  Widow Mine  
  33  3:16  SCV  
  33  3:17  SCV  
  35  3:25  Marine x2  
  37  3:29  SCV x2  
  37  3:32  Supply Depot  
  39  3:38  Widow Mine  
  39  3:39  Stimpack  
  39  3:41  SCV x2  
  46  3:50  Medivac  
  46  3:53  SCV  
  46  3:54  SCV, Marine x3  
  50  3:56  Supply Depot  
  50  4:05  SCV  
  50  4:06  SCV  
  50  4:09  Engineering Bay  
  52  4:10  Factory Reactor  
  52  4:15  Marine x2  
  54  4:17  SCV, Marine  
  54  4:18  SCV  
  57  4:29  SCV, Supply Depot, Medivac  
  57  4:30  SCV  
  60  4:36  Supply Depot  
  60  4:37  Refinery, Barracks  
  60  4:42  SCV x2  
  60  4:45  Missile Turret  
  62  4:51  Missile Turret  
  62  4:54  SCV  
  62  4:55  Marine x3, SCV  
  67  5:06  Terran Infantry Weapons Level 1  
  67  5:11  SCV x2  
  67  5:13  Refinery  
  69  5:15  Marine x3  
  72  5:27  Command Center  
  72  5:28  SCV x2  
  74  5:32  Barracks Reactor  
  74  5:34  Marine x2, Marauder  
  78  5:41  Barracks, Factory Reactor  
  78  5:44  Combat Shields  
  78  5:45  Barracks  
  78  5:56  Supply Depot  
  78  5:59  Supply Depot, Medivac x2  
  82  6:07  Marauder, Marine x2  
  86  6:12  SCV  
  86  6:18  SCV  
  87  6:22  Liberator, Armory  
  87  6:23  Engineering Bay  
  87  6:24  Supply Depot  
  87  6:29  Viking  
  92  6:43  Orbital Command, SCV x2  
  93  6:50  Missile Turret  
  93  6:55  SCV x2  
  93  6:59  Marauder  
  93  7:00  Barracks Tech Lab  
  96  7:05  Terran Infantry Armor Level 1  
  96  7:07  SCV x2  
  98  7:09  Orbital Command  
  98  7:19  SCV x2  
  98  7:21  Marauder x2, Marine x6  
  98  7:22  Concussive Shells  
  110  7:25  Supply Depot  
  110  7:26  Liberator x2, Supply Depot, Terran Infantry Weapons Level 2  
  108  7:40  Widow Mine  
  116  7:45  SCV  
  116  7:46  Refinery, SCV x2  
  116  7:49  Refinery  
  119  7:51  Starport  
  119  7:53  Supply Depot x2  
  111  7:59  Marine x4, Marauder x2  
  111  8:00  Marine x2  
  122  8:05  SCV x3  
  122  8:08  Terran Vehicle And Ship Armor Level 1  
  124  8:15  Liberator  
  124  8:17  SCV x2  
  124  8:18  SCV  
  127  8:27  Supply Depot  
  127  8:28  Supply Depot  
  127  8:29  Supply Depot  
  127  8:30  Marine x6  
  127  8:31  Marauder x2  
  127  8:32  Liberator, Starport Tech Lab  
  140  8:46  Barracks x2  
  140  8:47  Barracks  
  142  9:00  Liberator x2  
  142  9:03  Terran Infantry Armor Level 2  
  142  9:04  Marauder, Marine x6  
  142  9:05  Marauder  
  152  9:15  Supply Depot x2  
  152  9:17  Supply Depot  
  152  9:20  Command Center  
  157  9:24  Liberator  
  157  9:26  Marauder x2, Marine x4  
  165  9:36  Marine x2  
  167  9:43  Liberator x2  
  170  9:46  Fusion Core  
  170  9:53  Barracks Tech Lab x2, Barracks Reactor  
  170  9:54  Terran Infantry Weapons Level 3  
  170  9:56  Marine x8  
  178  10:05  Terran Vehicle And Ship Armor Level 2  
  182  10:21  Marine, Marauder x3  
  189  10:22  Marine  
  189  10:26  Ghost Academy  
  189  10:31  Marine x4  
  189  10:32  Marauder  
  195  10:36  Orbital Command  
  195  10:38  Advanced Ballistics  
  193  10:48  Medivac x3  
  197  10:54  Refinery  
  197  10:57  Refinery  
  195  11:23  Command Center  
  195  11:24  Command Center  
  188  11:50  Command Center  
  182  12:06  Marine x8, Marauder x4  
  182  12:08  Medivac x3  
  200  12:15  Terran Infantry Armor Level 3  
  197  12:24  Marine x4  
  197  12:27  Marauder x3  
  197  12:28  Marauder  
  173  12:37  SCV x2  
  173  12:38  SCV x2  
  158  12:47  Marine x4  
  158  12:49  SCV, Marauder x4  
  158  12:50  SCV x3  
  158  13:05  Marine x4  
  162  13:17  Orbital Command  
  162  13:18  Orbital Command  
  162  13:20  SCV x3  
  162  13:21  SCV  
  162  13:25  Ghost x2  
  162  13:26  Liberator  
  170  13:33  Liberator  
  168  13:37  Liberator, Marine x4  
  168  13:38  Marine x4  
  171  14:07  SCV x6  
  181  14:10  Marauder x2  
  175  14:25  Marauder x2, Marine x7  
  169  14:41  Medivac x3  
  164  14:55  Marauder, Marine x5  
  164  14:56  Marauder, Marine  
  164  14:57  Marine  
  164  14:59  Marine  
  176  15:01  Marine  
  176  15:02  Marine  
  177  15:19  Liberator x2  
  177  15:20  Ghost x2  
  181  15:22  Marine x4, Marauder x2  
  181  15:23  Marine x2  
  181  15:25  Marine x2  
  193  15:39  Building Armor  
  193  15:40  Hi-Sec Auto Tracking  
  199  15:51  Command Center  
  199  15:52  Marine  
  197  16:26  Marauder, Marine  
  158  16:39  Marine x4, Marauder x2  
  145  16:40  Marauder, Marine x3  
  145  16:41  Medivac x3  
  145  16:43  Marine  
  137  16:47  Marauder  
  137  16:49  Refinery  
  137  16:50  Refinery  
  139  16:57  Marine x7  
  139  17:01  Marine, Marauder x3  
  150  17:05  Orbital Command  
  151  17:09  Marauder  
  151  17:15  Marine x7  
  155  17:17  Sensor Tower  
  155  17:19  Viking x3, Marine  
  155  17:21  Ghost x2  
  172  17:22  Marauder  
  168  17:30  Marauder  
  166  17:38  Marine x2  
  166  17:39  Marine x6  
  166  17:42  Orbital Command  
  166  17:44  Marauder  
  171  17:51  Marauder x2  
  171  17:52  Marauder  
Show
View Real Time Build Order
Export as new Build Order

Neeb Protoss - Winner!

Build Orders: 1 Gate Expand 

Get SALT Encoding   

  12  0:00  Probe (Chrono Boost)  
  13  0:11  Probe (Chrono Boost)  
  14  0:18  Pylon  
  14  0:22  Probe (Chrono Boost)  
  15  0:36  Gateway, Probe (Chrono Boost)  
  16  0:46  Probe (Chrono Boost)  
  17  0:50  Assimilator  
  18  0:57  Probe (Chrono Boost)  
  18  1:08  Probe (Chrono Boost)  
  19  1:18  Nexus  
  19  1:22  Probe (Chrono Boost)  
  20  1:31  Cybernetics Core  
  20  1:34  Probe (Chrono Boost)  
  20  1:39  Assimilator  
  21  1:44  Probe (Chrono Boost)  
  22  1:48  Pylon  
  22  1:55  Probe (Chrono Boost)  
  23  2:06  Probe (Chrono Boost)  
  23  2:07  Warp Gate, Adept (Chrono Boost)  
  26  2:18  Probe  
  27  2:29  Probe (Chrono Boost)  
  28  2:30  Mothership Core (Chrono Boost)  
  28  2:31  Adept (Chrono Boost)  
  32  2:40  Probe (Chrono Boost)  
  33  2:46  Robotics Facility  
  33  2:49  Probe (Chrono Boost)  
  33  2:51  Probe (Chrono Boost)  
  35  3:00  Probe (Chrono Boost)  
  35  3:01  Probe (Chrono Boost)  
  35  3:04  Pylon  
  37  3:10  Probe (Chrono Boost)  
  37  3:12  Probe (Chrono Boost)  
  39  3:20  Gateway  
  39  3:21  Probe (Chrono Boost)  
  39  3:22  Gateway, Probe (Chrono Boost)  
  41  3:31  Probe x2 (Chrono Boost)  
  43  3:34  Robotics Bay  
  43  3:37  Observer (Chrono Boost)  
  43  3:39  Assimilator  
  44  3:42  Probe  
  44  3:43  Assimilator, Probe  
  46  3:50  Pylon  
  46  3:52  Probe  
  46  3:55  Probe  
  48  3:56  Warp Prism (Chrono Boost)  
  50  4:03  Probe  
  50  4:07  Probe  
  52  4:13  Probe  
  53  4:17  Stalker x3  
  53  4:19  Probe  
  53  4:24  Probe  
  61  4:32  Pylon  
  61  4:35  Pylon  
  61  4:39  Gravitic Drive  
  61  4:45  Nexus  
  61  4:48  Probe x2  
  61  4:52  Disruptor (Chrono Boost)  
  66  5:00  Pylon, Probe x2  
  66  5:02  Stalker  
  66  5:06  Stalker  
  71  5:10  Probe  
  71  5:13  Pylon  
  72  5:15  Probe  
  72  5:21  Probe  
  73  5:23  Disruptor (Chrono Boost)  
  73  5:26  Twilight Council  
  73  5:27  Probe  
  78  5:31  Sentry  
  78  5:33  Probe  
  78  5:34  Pylon  
  81  5:36  Pylon  
  81  5:39  Probe  
  82  5:43  Probe  
  82  5:49  Forge x2  
  83  5:51  Probe  
  83  5:54  Observer (Chrono Boost), Probe  
  83  5:56  Stalker, Probe  
  89  6:04  Stalker  
  89  6:05  Stalker  
  93  6:15  Probe  
  93  6:16  Blink (Chrono Boost)  
  93  6:18  Observer (Chrono Boost)  
  95  6:20  Probe x2  
  95  6:21  Stalker  
  95  6:25  Assimilator  
  99  6:26  Assimilator  
  99  6:34  Stalker x2, Immortal (Chrono Boost)  
  99  6:38  Protoss Ground Armor Level 1 (Chrono Boost), Protoss Ground Weapons Level 1 (Chrono Boost)  
  107  6:44  Probe  
  107  6:45  Probe  
  109  6:47  Pylon  
  109  6:48  Pylon  
  109  6:57  Gateway  
  109  6:59  Gateway  
  109  7:04  Probe  
  109  7:05  Gateway, Probe, Colossus  
  111  7:11  Pylon  
  111  7:12  Pylon  
  111  7:13  Sentry  
  119  7:17  Extended Thermal Lance  
  119  7:20  Stalker  
  121  7:23  Pylon  
  121  7:33  Stalker  
  123  7:48  Stalker x2  
  123  7:49  Gateway  
  127  7:51  Colossus  
  127  7:52  Gateway  
  127  8:06  Robotics Facility  
  127  8:07  Stalker x2  
  127  8:08  Stalker x2  
  133  8:20  Zealot x2  
  133  8:21  Charge  
  133  8:27  Pylon  
  137  8:28  Pylon  
  137  8:29  Protoss Ground Weapons Level 2 (Chrono Boost), Protoss Ground Armor Level 2 (Chrono Boost)  
  137  8:38  Nexus  
  137  8:42  Pylon  
  137  8:43  Observer  
  138  8:56  Templar Archives, Colossus  
  138  8:59  Zealot x7  
  158  9:09  Observer  
  159  9:19  Pylon  
  159  9:20  Pylon x2  
  159  9:21  Zealot x4  
  159  9:22  Pylon  
  167  9:29  Assimilator  
  167  9:34  Assimilator  
  167  9:38  High Templar x4  
  169  9:41  Zealot x2  
  169  9:42  Archon, Zealot x2  
  169  9:43  Archon  
  181  10:00  Warp Prism  
  181  10:06  High Templar x2, Zealot x2  
  191  10:12  Archon  
  185  10:15  Stalker x4  
  193  10:27  Photon Cannon  
  193  10:29  Photon Cannon  
  193  10:31  Protoss Ground Armor Level 3 (Chrono Boost)  
  193  10:33  Protoss Ground Weapons Level 3 (Chrono Boost)  
  192  10:36  Psionic Storm  
  188  10:50  High Templar x2  
  188  10:53  Probe x4  
  188  10:54  Pylon  
  196  11:08  High Templar  
  196  11:09  High Templar  
  200  11:18  Stargate  
  200  11:21  Gateway  
  200  11:22  Gateway  
  200  11:23  Gateway, Photon Cannon  
  200  11:24  Gateway  
  200  11:25  High Templar  
  200  11:27  Pylon  
  200  11:41  Stargate  
  194  11:54  Zealot x3  
  196  12:09  Fleet Beacon  
  196  12:17  Zealot x2  
  177  12:33  High Templar x5  
  177  12:34  Zealot x4  
  177  12:36  Mothership Core  
  196  12:39  Archon x2, Colossus  
  176  12:52  Probe  
  176  12:54  Probe  
  176  13:01  Nexus  
  176  13:02  High Templar  
  176  13:03  High Templar  
  176  13:04  Pylon  
  176  13:05  Pylon  
  178  13:06  Tempest  
  178  13:07  Tempest  
  180  13:16  Pylon x2  
  180  13:23  Stalker x2  
  180  13:24  Stalker x3  
  185  13:27  Nexus  
  185  13:32  Probe  
  185  13:33  Probe x2  
  182  13:49  Tempest  
  182  13:51  Tempest  
  184  14:05  Pylon  
  184  14:09  Assimilator  
  180  14:19  Probe  
  180  14:21  Stalker x3  
  180  14:22  Stalker x3  
  193  14:32  Tempest  
  183  14:45  High Templar x2  
  175  14:48  Nexus  
  175  14:49  Probe  
  175  14:50  Probe x2  
  178  15:10  High Templar  
  178  15:11  Tempest  
  178  15:13  Assimilator  
  184  15:16  Photon Cannon  
  185  15:25  High Templar, Probe  
  185  15:26  Probe x2, Photon Cannon  
  185  15:28  Photon Cannon  
  189  15:30  Photon Cannon  
  189  15:33  Photon Cannon  
  189  15:35  Probe  
  189  15:39  Pylon  
  189  15:42  High Templar  
  192  15:53  Oracle  
  192  15:55  High Templar  
  197  15:57  Photon Cannon  
  197  15:58  Photon Cannon  
  197  16:00  Photon Cannon  
  197  16:02  Immortal, Photon Cannon  
  175  16:33  High Templar x2, Zealot x2  
  175  16:34  Zealot x6  
  179  16:45  Probe x2  
  177  16:48  Probe x2  
  177  16:49  Assimilator  
  177  16:57  Tempest, Mothership Core, Probe  
  182  17:03  Pylon  
  182  17:05  Photon Cannon  
  182  17:06  Photon Cannon  
  182  17:08  High Templar x2  
  186  17:09  Pylon  
  186  17:10  High Templar  
  186  17:11  High Templar  
  186  17:14  Photon Cannon  
  190  17:24  Pylon  
  190  17:36  Oracle  
  168  18:11  Stalker x6, Nexus  
  168  18:12  Stalker  
Tags
 
Add a new tag
Caveats
  • Supply blocks, unpowered buildings, or Contaminate may cause inaccurate times.
  • Supply counts are checked every 10 seconds.